 Dungeon Crawl Stone Soup version 0.31-a0-180-g519b7de00c (webtiles) character file.

Game seed: 13899231272120535172

351 qw the Shooter (level 6, 0/56 HPs)
             Began as a Naga Hunter on June 20, 2023.
             Slain by a hound (3 damage)
             ... on level 4 of the Dungeon.
             The game lasted 00:00:59 (2689 turns).

qw the Shooter (Naga Hunter)                        Turns: 2689, Time: 00:00:59

Health: 0/56       AC:  7    Str: 14    XL:     6   Next: 61%
Magic:  6/6        EV:  7    Int:  9    God:
Gold:   274        SH:  0    Dex: 16    Spells: 5/5 levels left

rFire   . . .        Y - +0 arbalest
rCold   . . .        (shield currently unavailable)
rNeg    . . .        c - +0 leather armour
rPois   +            d - +0 helmet
rElec   .            h - +0 cloak
rCorr   .            b - +1 pair of gloves
SInv    +            j - +0 barding
Will    .....        (no amulet)
Stlth   ++           (no ring)
HPRegen 0.29/turn    (no ring)
MPRegen 0.10/turn

%: no passive effects
@: about to teleport, corroded, very slow
A: AC +2, large, see invisible, deformed body, poison resistance, slowness 2,
spit poison 1, naga tail 1
a: Spit Poison


You were on level 4 of the Dungeon.
You visited 1 branch of the dungeon, and saw 5 of its levels.

You collected 274 gold pieces.


Innate Abilities, Weirdness & Mutations

Your serpentine skin is tough. (AC +2)
You have supernaturally acute eyesight. (SInv)
Armour fits poorly on your strangely shaped body.
Your system is resistant to poisons. (rPois)
You cover ground very slowly.
You can spit poison.
You have a snake-like lower body.


   Skills:
 + Level 3.5 Fighting
 - Level 6.2 Ranged Weapons
 - Level 1.0 Armour
 - Level 1.5 Dodging
 - Level 1.5 Stealth


You had 5 spell levels left.
You didn't know any spells.
Your spell library was empty.

Inventory:

Hand Weapons
 Y - a +0 arbalest (weapon)
Armour
 b - a +1 pair of gloves (worn)
 c - a +0 leather armour (worn)
 d - a +0 helmet (worn)
 h - a +0 cloak (worn)
 j - a +0 barding (worn)
Scrolls
 a - 2 scrolls of teleportation
 m - a scroll of identify
Potions
 f - 2 potions of curing
 g - a potion of haste {unknown}
 i - a potion of lignification {unknown}
 k - a potion of heal wounds {unknown}

Dungeon Overview and Level Annotations

Branches:
Dungeon (5/15)
 Temple: D:4-7

Altars:
Dithmenos

Annotations:
D:5 Duvessa, Pikel


Message History

The lemure is moderately wounded.
The lemure looks more healthy.
The hound bites you but does no damage. The lemure hits you.
The jelly hits you but does no damage. The hound bites you but does no damage.
You shoot a bolt.
The bolt hits the lemure but does no damage.
The lemure is moderately wounded.
You have got your breath back.
The hound barely misses you. The lemure hits you. The jelly barely misses you.
The hound bites you but does no damage. The lemure hits you.
The jelly hits you but does no damage. The hound bites you but does no damage.
2685 ||| INVOKING Spit Poison.
Aiming: Spit Poison (1% risk of failure)
Press: ? - help, Shift-Dir - straight line, f/p - lemure The splash of poison misses the lemure.
The hound bites you. The lemure hits you.
The jelly hits you but does no damage.
You shoot a bolt. The bolt hits the lemure!
The lemure is almost dead.
The hound bites you. The lemure closely misses you.
The jelly hits you but does no damage.
The hound pauses to sniff the ground.
The hound bites you but does no damage. The lemure hits you.
The jelly closely misses you. The hound bites you but does no damage.
You shoot a bolt. The bolt hits the lemure!
You kill the lemure!
That felt strangely unrewarding.
The hound bites you. The jelly hits you but does no damage.
The hound closely misses you.
2688 ||| READING 3 scrolls of teleportation.
As you read the scroll of teleportation, it crumbles to dust.
You feel strangely unstable. The hound closely misses you. The jelly hits you.
The acid corrodes you!
You are splashed with acid!
You shoot a bolt. The bolt hits the jelly.
The jelly is moderately wounded.
You have got your breath back.
The hound bites you. The jelly hits you but does no damage.
The hound bites you but does no damage. The jelly barely misses you.
The hound bites you.
You die...

####### ###############
#.....#######
#........!....####.###........
#.####.............# #.#######
#.# #.######.####)###.# #.#
#.........).......# #.#
#..#####.#####.####
####.####..#####@# #.#
#..............hJ### #.#
#.######...........# #.#
.......##).#######.# #.####
#.####.##..# ##.###....#######
#.# #.....# #...#####........
#.# ####.## ###...###
######### #.#
#.#####.......########### #.#
#................>.......


You could see a hound and a jelly.

Vanquished Creatures
  A lemure (D:4)
  4 scorpions
  A hound (D:4)
  2 adders
  2 dart slugs (D:1)
  8 orcs
  4 bats
  4 endoplasms
  2 giant cockroaches
  8 hobgoblins
  4 kobolds
  3 quokkas
  7 ball pythons
  2 frilled lizards
  6 goblins
  5 rats
63 creatures vanquished.

Notes
Turn   | Place    | Note
-------+----------+-------------------------------------------
     0 | D:1      | qw the Naga Hunter began the quest for the Orb.
     0 | D:1      | Reached XP level 1. HP: 19/19 MP: 1/1
     0 | D:1      | 0 ||| qw: Version: 0.3-a-9-g12657ce
     0 | D:1      | 0 ||| qw: Game counter: 1180
     0 | D:1      | 0 ||| qw: Always use a shield: true
     0 | D:1      | 0 ||| qw: God list: Okawaru
     0 | D:1      | 0 ||| qw: Allow faded altars: false
     0 | D:1      | 0 ||| qw: Do Orc after D:15 true
     0 | D:1      | 0 ||| qw: Do second Lair branch before Depths: true
     0 | D:1      | 0 ||| qw: Lair rune preference: random
     0 | D:1      | 0 ||| qw: Plans: Normal
     0 | D:1      | 0 ||| PLANNING D:1-11
    39 | D:1      | 39 ||| INVOKING Spit Poison.
    51 | D:1      | 51 ||| INVOKING Spit Poison.
    53 | D:1      | Reached skill level 4 in Ranged Weapons
    53 | D:1      | Reached XP level 2. HP: 24/26 MP: 2/2
    92 | D:1      | 92 ||| INVOKING Spit Poison.
   103 | D:1      | 103 ||| INVOKING Spit Poison.
   156 | D:1      | 156 ||| INVOKING Spit Poison.
   262 | D:1      | 262 ||| INVOKING Spit Poison.
   269 | D:1      | 269 ||| INVOKING Spit Poison.
   357 | D:1      | 357 ||| INVOKING Spit Poison.
   363 | D:1      | 363 ||| INVOKING Spit Poison.
   364 | D:1      | Reached XP level 3. HP: 28/32 MP: 3/3
   570 | D:1      | 570 ||| UPGRADING to +0 barding.
   575 | D:1      | 575 ||| READING scroll labelled LOAMU ZOSE.
   579 | D:1      | 579 ||| READING 2 scrolls labelled FYTZUIGIT CARU.
   580 | D:1      | 580 ||| READING scroll labelled NAOLEPROHEIR.
   581 | D:1      | 581 ||| READING scroll labelled RAFFOD XIETIEX.
   582 | D:1      | 582 ||| DROPPING scroll of butterflies.
   583 | D:1      | 583 ||| DROPPING scroll of fog.
   615 | D:2      | 615 ||| INVOKING Spit Poison.
   811 | D:2      | 811 ||| INVOKING Spit Poison.
   971 | D:2      | 971 ||| INVOKING Spit Poison.
   978 | D:2      | 978 ||| INVOKING Spit Poison.
  1055 | D:2      | 1055 ||| INVOKING Spit Poison.
  1115 | D:2      | 1115 ||| INVOKING Spit Poison.
  1175 | D:2      | 1175 ||| INVOKING Spit Poison.
  1405 | D:2      | 1405 ||| UPGRADING to +0 pair of gloves.
  1410 | D:2      | 1410 ||| UPGRADING to +0 helmet.
  1415 | D:2      | 1415 ||| UPGRADING to +0 cloak.
  1420 | D:2      | 1420 ||| READING scroll labelled GOJ IPEUBOUKAZ.
  1421 | D:2      | 1421 ||| DRINKING 2 metallic black potions.
  1444 | D:3      | 1444 ||| INVOKING Spit Poison.
  1460 | D:3      | 1460 ||| INVOKING Spit Poison.
  1487 | D:3      | 1487 ||| INVOKING Spit Poison.
  1490 | D:3      | 1490 ||| INVOKING Spit Poison.
  1493 | D:3      | 1493 ||| INVOKING Spit Poison.
  1501 | D:3      | 1501 ||| INVOKING Spit Poison.
  1554 | D:3      | 1554 ||| INVOKING Spit Poison.
  1564 | D:3      | 1564 ||| INVOKING Spit Poison.
  1606 | D:3      | 1606 ||| INVOKING Spit Poison.
  1609 | D:3      | 1609 ||| INVOKING Spit Poison.
  1612 | D:3      | 1612 ||| INVOKING Spit Poison.
  1618 | D:3      | Reached skill level 1 in Armour
  1655 | D:3      | 1655 ||| SWAPPING to +0 arbalest.
  1656 | D:3      | 1656 ||| DROPPING +0 shortbow.
  1659 | D:3      | 1659 ||| INVOKING Spit Poison.
  1663 | D:3      | Reached XP level 4. HP: 39/39 MP: 4/4
  1688 | D:3      | 1688 ||| INVOKING Spit Poison.
  1712 | D:3      | 1712 ||| INVOKING Spit Poison.
  1990 | D:3      | 1990 ||| READING scroll labelled IWNIDI IMMENA.
  1991 | D:3      | 1991 ||| READING scroll labelled WEUNOG MISIBAR.
  2014 | D:4      | 2014 ||| INVOKING Spit Poison.
  2045 | D:4      | 2045 ||| INVOKING Spit Poison.
  2065 | D:4      | 2065 ||| INVOKING Spit Poison.
  2079 | D:4      | Noticed a scorpion
  2081 | D:4      | 2081 ||| INVOKING Spit Poison.
  2083 | D:4      | Killed a scorpion
  2084 | D:4      | Reached skill level 5 in Ranged Weapons
  2084 | D:4      | Reached XP level 5. HP: 45/45 MP: 5/5
  2152 | D:4      | 2152 ||| INVOKING Spit Poison.
  2155 | D:4      | 2155 ||| INVOKING Spit Poison.
  2164 | D:4      | 2164 ||| INVOKING Spit Poison.
  2205 | D:4      | 2205 ||| INVOKING Spit Poison.
  2210 | D:4      | 2210 ||| INVOKING Spit Poison.
  2214 | D:4      | 2214 ||| INVOKING Spit Poison.
  2217 | D:4      | Reached skill level 3 in Fighting
  2220 | D:4      | 2220 ||| INVOKING Spit Poison.
  2223 | D:4      | 2223 ||| INVOKING Spit Poison.
  2309 | D:4      | 2309 ||| READING scroll of enchant armour.
  2309 | D:4      | 2309 ||| ENCHANTING +0 pair of gloves.
  2346 | D:4      | 2346 ||| INVOKING Spit Poison.
  2347 | D:4      | Reached XP level 6. HP: 56/56 MP: 6/6
  2481 | D:4      | 2481 ||| INVOKING Spit Poison.
  2512 | D:4      | 2512 ||| INVOKING Spit Poison.
  2515 | D:4      | 2515 ||| INVOKING Spit Poison.
  2518 | D:4      | 2518 ||| INVOKING Spit Poison.
  2521 | D:4      | 2521 ||| INVOKING Spit Poison.
  2538 | D:4      | Found a shadowy altar of Dithmenos.
  2539 | D:4      | 2539 ||| INVOKING Spit Poison.
  2546 | D:4      | 2546 ||| INVOKING Spit Poison.
  2562 | D:4      | 2562 ||| INVOKING Spit Poison.
  2659 | D:4      | 2659 ||| READING scroll labelled EDGHUP WIQU.
  2660 | D:4      | 2660 ||| DRINKING 2 white potions.
  2661 | D:4      | 2661 ||| READING 2 scrolls of identify.
  2661 | D:4      | 2661 ||| IDENTIFYING viscous dark potion
  2662 | D:4      | 2662 ||| DROPPING potion of degeneration.
  2663 | D:4      | 2663 ||| DROPPING potion of magic.
  2672 | D:5      | Entered Level 5 of the Dungeon
  2673 | D:5      | 2673 ||| INVOKING Spit Poison.
  2676 | D:5      | Reached skill level 6 in Ranged Weapons
  2676 | D:5      | Noticed Pikel
  2678 | D:5      | 2678 ||| INVOKING Spit Poison.
  2679 | D:5      | 2679 ||| STAIRDANCE
  2679 | D:5      | Noticed Duvessa
  2681 | D:4      | 2681 ||| INVOKING Spit Poison.
  2685 | D:4      | 2685 ||| INVOKING Spit Poison.
  2687 | D:4      | HP: 14/56 [hound (1)]
  2688 | D:4      | 2688 ||| READING 3 scrolls of teleportation.
  2688 | D:4      | HP: 5/56 [acid (8)]
  2689 | D:4      | Slain by a hound

Levels and vault maps discovered:
D:1:      minmay_arrival_jagged, layout_loops_ring
D:2:      layout_loops_corners
D:3:      layout_basic
D:4:      layout_loops_ring, nicolae_dithmenos_shadow_blocks
D:5:      cheibrodos_barr_body, layout_loops_ring, old_standard_altar,
          uniq_blork_the_orc, uniq_pikel, uniq_duvessa

Skill      XL: |  1  2  3  4  5  6 |
---------------+-------------------+-----
Ranged Weapons | 4 5 6 |  6.2
Armour         | 1 |  1.0
Fighting       | 3 |  3.5
Dodging        | |  1.5
Stealth        | |  1.5

Action                     |  1- 3 |  4- 6 || total
---------------------------+-------+-------++-------
   Fire: Shortbow          |    64 |       ||    64
         Arbalest          |     4 |    53 ||    57
Ability: Spit Poison       |    28 |    27 ||    55
    Use: Scroll            |     5 |     6 ||    11
         Potion            |     1 |     1 ||     2
 Armour: Leather armour    |    13 |    45 ||    58
  Dodge: Dodged            |     6 |    31 ||    37

Table legend:
 A = Non-vault XP
 B = Vault XP
 C = Vault XP percentage of total XP
 D = Non-vault monster count
 E = Vault monster count
 F = Vault count percentage of total count
                 A         B        C        D         E       F
            +---------+---------+-------+---------+---------+-------
      Total |     502 |       0 |   0.0 |      62 |       0 |   0.0
            +---------+---------+-------+---------+---------+-------
        D:1 |      35 |       0 |   0.0 |      19 |       0 |   0.0
        D:2 |      14 |       0 |   0.0 |      10 |       0 |   0.0
        D:3 |      40 |       0 |   0.0 |      13 |       0 |   0.0
        D:4 |     325 |       0 |   0.0 |      19 |       0 |   0.0
        D:5 |      88 |       0 |   0.0 |       1 |       0 |   0.0
            +---------+---------+-------+---------+---------+-------
